cohdb
Replays
Latest Replays
All Replays
Popular Replays
Top Player Replays
Match Explorer
How It Works
Community
CoH3 Stats
Reddit
Sign in to upload your games and track your stats! →
Sign in with Steam
Match 26162314
Unlisted
Match 26162314
Overview
Messages
Build Orders
End
Construct Barracks
Riflemen Squad
Riflemen Squad
Riflemen Squad
Grenade Package
Air Support Center
M1 Mortar Team
Construct Motor Pool
M1 Anti-tank Gun Team
M8 Greyhound Armored Car
M1918 Browning Automatic Rifles
Engineer Squad
Selects Special Operations Battlegroup
Selects M29 Weasel with M1 Pack Howitzer
Selects Smoke Screen
Selects SSF Commando Squad
Construct Tank Depot
Selects P-47 Anti-Infantry Loiter
M29 Weasel with M1 Pack Howitzer
P-47 Strafing Run
M4A1 Sherman Medium Tank
Smoke Screen
Selects M4A1 Sherman Whizbang
M4A1 Sherman Whizbang
P-47 Dive Bomb
Smoke Screen
Krusty
ConcernedApe
adt.Gromph
Ssezra
0
0
Comments
sign in to comment!
No comments posted yet!